 Dungeon Sprint DCSS version 0.30-a0-743-gbfdf073431 (webtiles) character file.

Game seed: 924137331161445788

24906 PLAYERX the Hoplite (level 12, -3/127 HPs)
             Began as a Minotaur Monk on Feb 5, 2023.
             Was the Champion of Makhleb.
             Killed from afar by a hellion (29 damage)
             ... with damnation
             ... in the Dungeon (Sprint V: "Ziggurat Sprint") on Feb 6, 2023.
             The game lasted 00:26:38 (674 turns).

PLAYERX the Hoplite (Minotaur Monk)                  Turns: 674, Time: 00:26:39

Health: -3/127     AC: 39    Str: 30    XL:     12   Next: 84%
Magic:  11/11      EV:  5    Int: 10    God:    Makhleb [******]
Gold:   0          SH: 34    Dex: 13    Spells: 11/11 levels left

rFire   + + .      SeeInvis .    a - +11 Screaming Sword {sonic wave}
rCold   . . .      Faith    .    q - +18 shield of the Gong {Loud rElec rN+ Will+ EV-5}
rNeg    + + .      Spirit   .    D - +15 Maxwell's patent armour {-Cast -Tele rElec Will+ rCorr}
rPois   .          Reflect  .    (helmet restricted)
rElec   +          Harm     .    (no cloak)
rCorr   +          Rampage  .    x - +1 pair of gloves {Str+3}
Will    +++..      NoTele   +    M - +2 pair of boots "Uries" {Int+3} Stlth NoCast +
                                 (no amulet)
HPRegen 0.41/turn                E - ring "Eloget" {rElec rF++ rN+ Will+}
MPRegen 0.12/turn                A - +6 ring of strength

@: studying 5 skills
A: horns 2, retaliatory headbutt, subdued magic 1
a: Renounce Religion, Minor Destruction, Lesser Servant of Makhleb, Major
Destruction, Greater Servant of Makhleb


You were in the Dungeon.
You worshipped Makhleb.
Makhleb was exalted by your worship.
You visited 1 branch

Inventory:

Hand Weapons
 a - the +11 Screaming Sword (weapon) {sonic wave}
   (You found it in the Dungeon)
Armour
 b - +5 gold dragon scales
 q - the +18 shield of the Gong (worn) {Loud rElec rN+ Will+ EV-5}
   (You found it in the Dungeon)

   Loud:      It is deafeningly noisy when blocking attacks.
   EV:        It affects your evasion (-5).
   rElec:     It insulates you from electricity.
   rN:        It protects you from negative energy.
   Will:      It increases your willpower.
 x - a +1 pair of gloves of strength (worn)
 D - the +15 Maxwell's patent armour (worn) {-Cast -Tele rElec Will+ rCorr}
   (You found it in the Dungeon)

   rElec:     It insulates you from electricity.
   -Cast:     It prevents spellcasting.
   -Tele:     It prevents most forms of teleportation.
   rCorr:     It protects you from acid and corrosion.
   Will:      It increases your willpower.
 M - the +2 pair of boots "Uries" (worn) {Int+3}
   (You found it in the Dungeon)

   Int:       It affects your intelligence (+3).
Jewellery
 v - a ring of flight
 w - a +4 ring of protection
 A - a +6 ring of strength (right hand)
 B - a +6 ring of strength
 E - the ring "Eloget" (left hand) {rElec rF++ rN+ Will+}
   (You found it in the Dungeon)

   [ring of willpower]

   rF:        It greatly protects you from fire.
   rElec:     It insulates you from electricity.
   rN:        It protects you from negative energy.
   Will:      It increases your willpower.
 H - a +5 ring of evasion
 J - a ring of poison resistance
 K - a ring of protection from cold
Wands
 s - a wand of mindburst (7)
 t - a wand of iceblast (7)
 u - a wand of light (7)
Scrolls
 i - 4 scrolls of blinking
 j - 4 scrolls of amnesia
 k - 7 scrolls of fog
 l - 5 scrolls of identify
 m - 2 scrolls of fear
 z - a scroll of brand weapon
Potions
 c - a potion of ambrosia
 d - 10 potions of curing
 e - 9 potions of heal wounds
 f - 6 potions of haste
 g - 7 potions of magic
 h - 3 potions of berserk rage
 n - 2 potions of brilliance
 o - 2 potions of invisibility
 p - 4 potions of resistance
 r - 5 potions of might
Miscellaneous
 y - a box of beasts
 C - a lightning rod (4/4)
 F - a phantom mirror
 G - a phial of floods
 I - a condenser vane
 L - a piece from Xom's chessboard (15/15)


   Skills:
 + Level 17.9 Fighting
 + Level 20.6 Long Blades
 * Level 18.2 Armour
 - Level 5.5 Dodging
 - Level 2.1 Stealth
 * Level 23.8 Shields


You had 11 spell levels left.
You didn't know any spells.
Your spell library contained the following spells:

 Spells                   Type           Power      Damage    Failure   Level
 Apportation              Tloc           0%         N/A       87%         1
 Necrotise                Necr           0%         1d4       87%         1
 Sting                    Tmut/Pois      0%         1d3       87%         1
 Cigotuvi's Dreadful Rot  Necr/Pois/Air  0%         N/A       95%         2
 Scorch                   Fire           0%         2d5       95%         2
 Ignite Poison            Fire/Tmut/Pois 0%         N/A       99%         3
 Spider Form              Tmut/Pois      0%         N/A       99%         3
 Summon Guardian Golem    Hex/Summ       0%         N/A       99%         3
 Tukima's Dance           Hex            0%         N/A       99%         3
 Animate Armour           Summ/Erth      0%         N/A       100%        4
 Animate Dead             Necr           0%         N/A       100%        4
 Cause Fear               Hex            0%         N/A       100%        4
 Flame Wave               Conj/Fire      0%         2d4       100%        4
 Ice Form                 Ice/Tmut       0%         N/A       100%        4
 Iskenderun's Mystic Bla  Conj/Tloc      0%         2d3       100%        4
 Manifold Assault         Tloc           0%         N/A       100%        4
 Passage of Golubria      Tloc           0%         N/A       100%        4
 Summon Ice Beast         Ice/Summ       0%         N/A       100%        4
 Summon Lightning Spire   Summ/Air       0%         N/A       100%        4
 Alistair's Intoxication  Tmut/Pois      0%         N/A       100%        5
 Summon Forest            Summ/Tloc      0%         N/A       100%        5
 Summon Mana Viper        Hex/Summ       0%         N/A       100%        5
 Yara's Violent Unravell  Hex/Tmut       0%         3d3       100%        5
 Dispersal                Tloc           0%         N/A       100%        6
 Summon Cactus Giant      Summ           0%         N/A       100%        6
 Monstrous Menagerie      Summ           0%         N/A       100%        7
 Spellforged Servitor     Conj/Summ      0%         N/A       100%        7
 Storm Form               Tmut/Air       0%         N/A       100%        7
 Disjunction              Tloc           0%         N/A       100%        8
 Maxwell's Capacitive Co  Air            0%         ∞         100%        8
 Shatter                  Erth           0%         3d5*      100%        9


Dungeon Overview and Level Annotations

Branches:
Dungeon (1/1)

Altars:
Ashenzari
Cheibriados
Dithmenos
Elyvilon
Fedhas
Gozag
Hepliaklqana
Kikubaaqudgha
Makhleb
Nemelex Xobeh
Okawaru
Qazlal
Ru
Sif Muna
Trog
Uskayaw
Vehumet
Wu Jian
Xom
Yredelemnul
Zin
The Shining One
Jiyva
Lugonu

Annotations:
D 1 transporter


Innate Abilities, Weirdness & Mutations

You have a pair of horns on your head.
You reflexively headbutt those who attack you in melee.
Your spells are a little easier to cast, but a little less powerful.


Message History

There is a transporter here.
Welcome to arena 14.
You enter the transporter and appear at another place.
A hellion, 4 simulacra and a tormentor come into view.
Found five items.
The tormentor roars!
A ball python simulacrum comes into view.
An adder simulacrum comes into view.
A hellion comes into view.
The hellion gestures at you.
The sphere of damnation explodes!
The damnation engulfs you!!
The hellion gives a hideous shriek!
An azure jelly, a freezing wraith and an adder simulacrum come into view.
Found seven items.
The hellion gestures at you.
The sphere of damnation explodes!
The damnation engulfs you!
A ball python simulacrum comes into view.
The tormentor calls on the powers of darkness!
The azure jelly convulses!
Your body is wracked with pain!
You are too injured to fight recklessly!
You are too injured to fight recklessly!
You are too injured to fight recklessly!
You are too injured to fight recklessly!
You are too injured to fight recklessly!
You feel much better. The hellion gestures at you.
The sphere of damnation explodes!
The damnation engulfs you!
The tormentor calls on the powers of darkness!
The azure jelly convulses!
Your body is wracked with pain!
Found a transporter.
The tormentor calls on the powers of darkness!
The azure jelly convulses!
Your body is wracked with pain!
* * * LOW HITPOINT WARNING * * *
You cannot blink because you are wearing the +15 Maxwell's patent armour {-Cast -Tele rElec Will+ rCorr}.
You slice the adder simulacrum!!
The adder simulacrum vaporises!
Makhleb accepts your kill.
You feel better. The hellion gestures at you.
The sphere of damnation explodes!
The damnation engulfs you!!
You die...

▓...))...▓..
▓....8©8....▓........▓..
▓..)}}):=:..▓.▓....▓.▓.▓
▓...||}Z:)..▓...©....▓..
▓.....2.....▓▓▓▓▓▓▓▓▓▓▓▓
▓.....WZ22..▓...8©8...▓.
▓....JZZZ...▓...)=)...▓.
▓....ZZ☼....▓...[))...▓.
▓......@....▓.........▓.
▓..▓.....▓..▓.....)...▓.
▓...........▓...)))...▓.
▓.....©.....▓...).....▓.
▓▓▓▓▓▓▓▓▓▓▓▓▓.▓.....▓.▓.
▓....8©8....▓....©....▓.
▓..)...)))..▓▓▓▓▓▓▓▓▓▓▓▓
▓....}=[....▓...8©8...▓.
▓.......=...▓..[))[|..▓.


You could see an azure jelly, a freezing wraith, 2 hellions, a tormentor, 2 ball
python simulacra, 2 adder simulacra, 2 quokka simulacra and a giant cockroach
simulacrum.

Vanquished Creatures
  2 orc warlords (D)
  2 stone giants (D)
  A deep elf demonologist (D)
  2 vampire knights (D)
  A purple draconian (D)
  2 black draconians (D)
  A yaktaur captain (D)
  7 vault guards (D)
  An orc high priest (D)
  3 vampire magi (D)
  A deep elf archer (D)
  A necromancer (D)
  2 ugly things (D)
  A deep elf zephyrmancer (D)
  4 draconians (D)
  2 shining eyes (D)
  3 black mambas (D)
  A naga mage (D)
  A rime drake (D)
  A yaktaur (D)
  A freezing wraith (D)
  5 merfolk (D)
  A polar bear (D)
  A shadow (D)
  A golden eye (D)
  2 neqoxecs (D)
  A human (shapeshifter) (D)
  A fire elemental (D)
  A warg (D)
  2 nagas (D)
  A naga (shapeshifter) (D)
  4 water moccasins (D)
  A floating eye (D)
  2 orc warriors (D)
  An ice beast (D)
  4 ogres (D)
  2 orc priests (D)
  2 orc wizards (D)
  3 adders (D)
  2 adder simulacra (D)
  4 bat skeletons (D)
  An endoplasm (D)
  4 ball pythons (D)
  A ball python skeleton (D)
  A bat simulacrum (D)
88 creatures vanquished.

Notes
Turn   | Place    | Note
-------+----------+-------------------------------------------
     0 | D        | PLAYERX the Minotaur Monk began the quest for the Orb.
     0 | D        | Reached XP level 1. HP: 19/19 MP: 0/0
    41 | D        | Found a shimmering blue altar of Sif Muna.
    41 | D        | Found a bloodstained altar of Trog.
    41 | D        | Found a sacrificial altar of Ru.
    41 | D        | Found a stormy altar of Qazlal.
    41 | D        | Found an iron altar of Okawaru.
    44 | D        | Found a sparkling altar of Nemelex Xobeh.
    44 | D        | Found the +6 Majin-Bo {spellvamp, MP+6 Int+6}
    44 | D        | Found the +27 heavy crossbow "Sniper" {heavy, Acc+∞ SInv}
    44 | D        | Found the +10 dark maul {heavy}
    44 | D        | Found the +15 Maxwell's patent armour {-Cast -Tele rElec
                  | Will+ rCorr}
    44 | D        | Found the +18 shield of the Gong {Loud rElec rN+ Will+
                  | EV-5}
    44 | D        | Found the +16 obsidian axe {drain, demonic, Mesm Drain Fly
                  | SInv}
    44 | D        | Found the +7 great mace "Firestarter" {flame, inner flame,
                  | rFlCloud rF++}
    44 | D        | Found the +6 shillelagh "Devastator" {shatter}
    44 | D        | Found the +11 plutonium sword {Contam Stlth-}
    44 | D        | Found the +8 lance "Wyrmbane" {slay drac, rPois rF+ rC+
                  | AC+3}
    44 | D        | Found the +9 sword of Zonguldrok {reap}
    44 | D        | Found the +13 scythe of Curses {drain, curses, Drain}
    44 | D        | Found the +9 sword of Power {lifebolt}
    44 | D        | Found the +7 mace of Variability {chaos, chain chaos}
    44 | D        | Found the +11 Singing Sword {sonic wave}
    44 | D        | Found the +8 storm bow {elec, penet}
    45 | D        | Found an ancient bone altar of Kikubaaqudgha.
    45 | D        | Found a corrupted altar of Lugonu.
    45 | D        | Found a transporter.
    45 | D        | Found a burning altar of Makhleb.
    45 | D        | Found a viscous altar of Jiyva.
    45 | D        | Found a hazy altar of Hepliaklqana.
    61 | D        | Found an opulent altar of Gozag.
    62 | D        | Found a blossoming altar of Fedhas.
   107 | D        | Reached XP level 2. HP: 30/30 MP: 1/1
   114 | D        | Became a worshipper of Makhleb the Destroyer
   114 | D        | Reached * piety under Makhleb
   114 | D        | Reached ** piety under Makhleb
   164 | D        | Entered arena 2.
   164 | D        | Noticed a water moccasin
   164 | D        | Found a transporter.
   168 | D        | Killed a water moccasin
   169 | D        | Reached skill level 5 in Dodging
   169 | D        | Reached skill level 1 in Shields
   169 | D        | Reached XP level 3. HP: 40/40 MP: 2/2
   169 | D        | Reached XP level 4. HP: 48/48 MP: 3/3
   175 | D        | Got the Opusculum on the Commander
   179 | D        | Entered arena 3.
   179 | D        | Noticed a floating eye
   179 | D        | Noticed a golden eye
   179 | D        | Found a transporter.
   182 | D        | Killed a floating eye
   183 | D        | Reached skill level 3 in Shields
   183 | D        | Reached XP level 5. HP: 50/56 MP: 4/4
   188 | D        | Killed a golden eye
   188 | D        | Reached *** piety under Makhleb
   189 | D        | Reached skill level 10 in Long Blades
   189 | D        | Reached skill level 5 in Shields
   189 | D        | Reached XP level 6. HP: 56/66 MP: 5/5
   198 | D        | Entered arena 4.
   198 | D        | Found a transporter.
   202 | D        | Reached skill level 10 in Fighting
   204 | D        | Reached **** piety under Makhleb
   217 | D        | Got the ring "Eloget" {rElec rF++ rN+ Will+}
   221 | D        | Got the Directory of Exhumation and the Xenotype
   225 | D        | Entered arena 5.
   225 | D        | Noticed a fire elemental
   225 | D        | Noticed a deep elf zephyrmancer
   225 | D        | Noticed a deep elf archer
   225 | D        | Noticed a deep elf demonologist
   225 | D        | Found a transporter.
   226 | D        | Noticed a sixfirhy
   227 | D        | Killed a fire elemental
   228 | D        | Reached skill level 6 in Shields
   228 | D        | Reached XP level 7. HP: 56/73 MP: 6/6
   231 | D        | Noticed a rust devil
   232 | D        | Killed a deep elf zephyrmancer
   232 | D        | Killed a deep elf archer
   233 | D        | Reached skill level 10 in Armour
   233 | D        | Reached skill level 8 in Shields
   233 | D        | Reached XP level 8. HP: 51/85 MP: 0/7
   234 | D        | Killed a deep elf demonologist
   234 | D        | Reached ***** piety under Makhleb
   235 | D        | Reached skill level 9 in Shields
   235 | D        | Reached XP level 9. HP: 63/93 MP: 0/8
   309 | D        | Got the Omnibus of the Switch and Lithomancy
   321 | D        | Entered arena 6.
   321 | D        | Noticed a merfolk
   321 | D        | Noticed a merfolk
   321 | D        | Noticed a merfolk
   321 | D        | Noticed a merfolk
   321 | D        | Noticed a merfolk
   321 | D        | Found a transporter.
   326 | D        | Killed a merfolk
   327 | D        | Reached skill level 15 in Long Blades
   327 | D        | Reached skill level 10 in Shields
   327 | D        | Killed a merfolk
   328 | D        | Killed a merfolk
   330 | D        | Killed a merfolk
   331 | D        | Reached skill level 11 in Shields
   332 | D        | Killed a merfolk
   337 | D        | Got the Folio of the Algid Jinx
   348 | D        | Entered arena 7.
   348 | D        | Noticed a rime drake
   348 | D        | Noticed a polar bear
   348 | D        | Noticed a freezing wraith
   349 | D        | Found a transporter.
   357 | D        | Killed a freezing wraith
   357 | D        | Reached ****** piety under Makhleb
   358 | D        | Killed a rime drake
   359 | D        | Reached skill level 12 in Shields
   359 | D        | Reached XP level 10. HP: 77/103 MP: 9/9
   376 | D        | Got the Grimoire of Allies
   379 | D        | Entered arena 8.
   379 | D        | Found the +3 giant club "Skullcrusher" {speed, Str+7}
   379 | D        | Noticed a black mamba
   379 | D        | Noticed a naga mage
   380 | D        | Found a transporter.
   384 | D        | Killed a black mamba
   385 | D        | Reached skill level 13 in Shields
   389 | D        | Killed a naga mage
   410 | D        | Entered arena 9.
   410 | D        | Noticed a black draconian
   410 | D        | Noticed a draconian
   410 | D        | Noticed a draconian
   410 | D        | Noticed a draconian
   410 | D        | Noticed a purple draconian
   410 | D        | Noticed a draconian
   410 | D        | Noticed a black draconian
   411 | D        | Found a transporter.
   416 | D        | Killed a purple draconian
   417 | D        | Reached skill level 14 in Shields
   417 | D        | Killed a draconian
   419 | D        | Killed a draconian
   420 | D        | Reached skill level 15 in Shields
   421 | D        | Killed a draconian
   423 | D        | Killed a black draconian
   424 | D        | Reached skill level 15 in Fighting
   425 | D        | Killed a draconian
   426 | D        | Reached skill level 16 in Shields
   426 | D        | Reached XP level 11. HP: 109/112 MP: 10/10
   429 | D        | Killed a black draconian
   449 | D        | Entered arena 10.
   449 | D        | Noticed a shining eye
   449 | D        | Noticed a green ugly thing
   449 | D        | Noticed a shining eye
   449 | D        | Noticed a purple ugly thing
   450 | D        | Found a transporter.
   450 | D        | Gained mutation: Your spells are a little easier to cast,
                  | but a little less powerful. [a shining eye]
   454 | D        | Killed a purple ugly thing
   455 | D        | Reached skill level 15 in Armour
   455 | D        | Reached skill level 17 in Shields
   456 | D        | Killed a shining eye
   457 | D        | Killed a shining eye
   460 | D        | Killed a green ugly thing
   461 | D        | Reached skill level 18 in Shields
   483 | D        | Entered arena 11.
   484 | D        | Found a transporter.
   503 | D        | Entered arena 12.
   503 | D        | Found the +1 robe of Vines {NoPotionHeal Regen++++}
   503 | D        | Noticed an orc warlord
   503 | D        | Noticed an orc high priest
   504 | D        | Noticed an orc warlord
   505 | D        | Found a transporter.
   510 | D        | Killed an orc high priest
   511 | D        | Reached skill level 19 in Shields
   520 | D        | Killed an orc warlord
   524 | D        | Killed an orc warlord
   544 | D        | Got the Papyrus of the Intoxicating Storm
   551 | D        | Got the Commentary on Hiemal Location
   556 | D        | Entered arena 13.
   556 | D        | Noticed a vault guard
   556 | D        | Noticed a vault guard
   556 | D        | Noticed a yaktaur captain
   556 | D        | Noticed a vault guard
   556 | D        | Noticed a stone giant
   556 | D        | Noticed a vault guard
   556 | D        | Noticed a vault guard
   556 | D        | Noticed a stone giant
   556 | D        | Noticed a vault guard
   557 | D        | Noticed a vault guard
   558 | D        | Found a transporter.
   566 | D        | Killed a vault guard
   567 | D        | Reached skill level 20 in Shields
   568 | D        | Killed a vault guard
   569 | D        | Reached XP level 12. HP: 51/124 MP: 11/11
   569 | D        | Killed a vault guard
   569 | D        | Killed a vault guard
   570 | D        | Reached skill level 21 in Shields
   571 | D        | Killed a vault guard
   573 | D        | Killed a vault guard
   573 | D        | Killed a stone giant
   574 | D        | Killed a yaktaur captain
   575 | D        | Reached skill level 22 in Shields
   575 | D        | Killed a stone giant
   579 | D        | Killed a vault guard
   615 | D        | Entered arena 14.
   616 | D        | Noticed a vampire mage
   616 | D        | Noticed a vampire knight
   616 | D        | Noticed a vampire mage
   617 | D        | Identified the amulet of Koakhlem {rPois Regen+ Dex+5}
   617 | D        | Noticed a vampire mage
   617 | D        | Noticed a vampire knight
   620 | D        | Found a transporter.
   627 | D        | Killed a vampire mage
   628 | D        | Killed a vampire mage
   629 | D        | Reached skill level 23 in Shields
   630 | D        | Killed a vampire mage
   635 | D        | Killed a vampire knight
   642 | D        | Killed a vampire knight
   647 | D        | Got the ring "Hohopo" {Ice Dex+5}
   659 | D        | Got the Grimoire of Production and Transfiguration
   661 | D        | Got the +2 pair of boots "Uries" {Int+3}
   669 | D        | Entered arena 15.
   671 | D        | Noticed an azure jelly
   673 | D        | Found a transporter.
   674 | D        | Killed from afar by a hellion

Illustrated notes

Levels and vault maps discovered:
D:        sprint_v [room_start, room_1, room_2, room_3, room_4, room_5, room_6,
          room_7, room_8, room_9, room_10, room_11, room_12, room_13, room_14,
          room_15, room_16, room_17, room_18, room_19, room_20, room_21,
          room_22, room_23, room_24, room_25, room_26, room_27]

Skill      XL: |  1  2  3  4  5  6  7  8  9 10 11 12 |
---------------+-------------------------------------+-----
Fighting       | 6 8 9 10 12 13 14 15 16 17 | 17.9
Long Blades    | 6 8 9 10 11 13 14 16 17 19 20 | 20.6
Armour         | 4 6 7 8 10 11 12 14 16 18 | 18.2
Dodging        | 5 |  5.5
Stealth        | 2 |  2.1
Shields        | 1 3 5 6 8 9 12 16 20 23 | 23.8

Action                     |  1- 3 |  4- 6 |  7- 9 | 10-12 || total
---------------------------+-------+-------+-------+-------++-------
  Melee: Double sword      |     4 |    10 |    22 |    96 ||   132
         Headbutt          |     1 |     1 |     5 |    16 ||    23
    Use: Potion            |     1 |       |       |     1 ||     2
 Armour: Plate armour      |     2 |     2 |    21 |    28 ||    53
  Dodge: Dodged            |       |     1 |     4 |     9 ||    14
  Block: Kite shield       |     5 |     1 |    51 |   123 ||   180

Table legend: (Time is in decaauts)
 A = Elapsed time spent in this place.
 B = Non-inter-level travel time spent in this place.
 C = Inter-level travel time spent in this place.
 D = Time resting spent in this place.
 E = Time spent auto-exploring this place.
 F = Levels seen in this place.
 G = Mean time per level.
                   A        B        C        D        E       F      G
               +--------+--------+--------+--------+--------+-----+--------+
         Total |    650 |    650 |      0 |     69 |      0 |   1 |  650.0 |
       Dungeon |    650 |    650 |      0 |     69 |      0 |   1 |  650.0 |
               +--------+--------+--------+--------+--------+-----+--------+

Top non-repeatable levels by time:
       D: 650 daAuts
